 Dungeon Crawl Stone Soup version 0.30-a0-557-ge2afbf3030 (webtiles) character file.

Game seed: 17569457386692821196

25 Newt the Shooter (level 3, -3/21 HPs)
             Began as a Kobold Hunter on Dec 27, 2022.
             Slain by a kobold
             ... wielding a +2 short sword of electrocution
              (18 damage)
             ... on level 1 of the Dungeon.
             The game lasted 00:00:18 (326 turns).

Newt the Shooter (Kobold Hunter)                     Turns: 326, Time: 00:00:19

Health: -3/21      AC:  3    Str:  8    XL:     3   Next: 17%
Magic:  3/3        EV: 14    Int: 10    God:
Gold:   36         SH:  0    Dex: 20    Spells: 2/2 levels left

rFire   . . .      SeeInvis .    a - +0 shortbow
rCold   . . .      Faith    .    (shield currently unavailable)
rNeg    . . .      Spirit   .    c - +0 leather armour
rPois   .          Reflect  .    (no helmet)
rElec   .          Harm     .    (no cloak)
rCorr   .          Rampage  .    (no gloves)
Will    .....                    (no boots)
Stlth   +++                      (no amulet)
HPRegen 0.23/turn                (no ring)
MPRegen 0.08/turn                (no ring)

@: no status effects
A: small, no large weapons, nightstalker 3
a: no special abilities


You were on level 1 of the Dungeon.
You visited 1 branch of the dungeon, and saw 1 of its levels.

You collected 36 gold pieces.

Inventory:

Hand Weapons
 a - a +0 shortbow (weapon)
Armour
 c - a +0 leather armour (worn)
Scrolls
 b - 2 scrolls of immolation
 d - a scroll of enchant armour {unknown}
 e - a scroll of identify {unknown}
 f - a scroll of fear {unknown}


   Skills:
 - Level 2.1 Fighting
 + Level 6.5 Ranged Weapons
 - Level 2.4 Dodging
 - Level 1.3 Stealth


You had 2 spell levels left.
You didn't know any spells.
Your spell library was empty.

Dungeon Overview and Level Annotations

Branches:
Dungeon (1/15)

Altars:


Innate Abilities, Weirdness & Mutations

You are small and have problems with some larger weapons.
You are completely attuned to the shadows.


Message History

Things that are here:
a +0 club; a goblin skeleton You see here a rat corpse.
Found a ring mail.
Found a sling.
f - a scroll labelled DISSYPN MIRUITURGH A ball python comes into view.
The ball python hisses angrily.
A rat comes into view.
You shoot an arrow. The arrow hits the ball python.
You kill the ball python!
You hear a bark!
You hear a shout! x2
You shoot an arrow. The arrow completely misses the rat.
You hear a bark!
A jackal comes into view. x2
You shoot an arrow. The arrow hits the rat.
The rat is heavily wounded.
A kobold comes into view.
It is wielding a +2 short sword of electrocution.
The rat bites you but does no damage.
You shoot an arrow. The arrow hits the rat.
You kill the rat!
The jackal barely misses you.
You shoot an arrow. The arrow closely misses the jackal.
The jackal closely misses you. The jackal misses you.
The jackal bites you but does no damage.
The jackal bites you.
You shoot an arrow. The arrow hits the jackal.
The jackal is heavily wounded.
The jackal completely misses you. The jackal closely misses you. x2
You shoot an arrow. The arrow closely misses the jackal.
The arrow closely misses the kobold.
The jackal bites you.
The jackal bites you but does no damage.
The jackal misses you.
You shoot an arrow. The arrow hits the jackal!
You kill the jackal!
The jackal misses you. The kobold misses you. The jackal completely misses you.
The kobold hits you with a +2 short sword of electrocution.
You are electrocuted!!
Ouch! That really hurt!
You die...

.......######..........
.......####...........#
............##.........
........##~~##...~~....
.........≈≈~~...~~~....
.........~≈≈....~≈≈≈...
.......~≈≈≈##'##≈≈~...
...K.)~≈≈≈#...#≈≈≈~..
....@.~~≈≈#._.#≈≈≈~..
...h..~≈≈≈#...#≈≈≈≈##
......~~≈≈#####≈≈≈###
....†..≈≈ ≈≈ ≈≈≈≈...
.......~≈ ≈≈≈≈### ≈≈##
#


You could see a jackal and a kobold.

Vanquished Creatures
  2 dart slugs (D:1)
  An endoplasm (D:1)
  A giant cockroach (D:1)
  2 goblins (D:1)
  4 hobgoblins (D:1)
  A jackal (D:1)
  A quokka (D:1)
  3 ball pythons (D:1)
  5 rats (D:1)
20 creatures vanquished.

Notes
Turn   | Place    | Note
-------+----------+-------------------------------------------
     0 | D:1      | Newt the Kobold Hunter began the quest for the Orb.
     0 | D:1      | Reached XP level 1. HP: 12/12 MP: 1/1
    28 | D:1      | Reached XP level 2. HP: 15/17 MP: 2/2
    47 | D:1      | Reached skill level 6 in Ranged Weapons
   160 | D:1      | Reached XP level 3. HP: 15/21 MP: 3/3
   213 | D:1      | Found a faded altar of an unknown god.
   326 | D:1      | Slain by a kobold

Illustrated notes

Levels and vault maps discovered:
D:1:      sevenhm_arrival_forest_fort_small_4, layout_rooms,
          nicolae_ecumenical_lake_church

Skill      XL: |  1  2 |
---------------+-------+-----
Ranged Weapons | 6 |  6.5
Fighting       | |  2.1
Dodging        | |  2.4
Stealth        | |  1.3

Action                   || total
-------------------------++-------
 Fire: Shortbow          ||    43
Armor: Leather armour    ||     9
Dodge: Dodged            ||    22

Table legend: (Time is in decaauts)
 A = Elapsed time spent in this place.
 B = Non-inter-level travel time spent in this place.
 C = Inter-level travel time spent in this place.
 D = Time resting spent in this place.
 E = Time spent auto-exploring this place.
 F = Levels seen in this place.
 G = Mean time per level.
                   A        B        C        D        E       F      G
               +--------+--------+--------+--------+--------+-----+--------+
         Total |    340 |    340 |      0 |      0 |    267 |   1 |  340.0 |
       Dungeon |    340 |    340 |      0 |      0 |    267 |   1 |  340.0 |
               +--------+--------+--------+--------+--------+-----+--------+

Top non-repeatable levels by time:
     D:1: 340 daAuts
